 Dungeon Crawl Stone Soup version 0.13.0-3-g966e3ec (webtiles) character file.

46418 Dustman the Cleaver (level 14, -2/122 (123) HPs)
             Began as a Ghoul Fighter on Oct 12, 2013.
             Was a High Priest of Okawaru.
             Shot with a bolt by a yaktaur (10 damage)
             ... on Level 16 of the Dungeon on Oct 13, 2013.
             The game lasted 02:56:55 (14476 turns).

Dustman the Cleaver (Ghoul Fighter)                Turns: 14476, Time: 02:56:56

HP  -2/122 (123) AC 19     Str 25      XL: 14   Next: 32%
MP   3/19        EV  5     Int  3      God: Okawaru [*****.]
Gold 1121        SH 26     Dex  8      Spells:  0 memorised, 13 levels left

Res.Fire  : + . .   See Invis. : +   i - +2 broad axe
Res.Cold  : + . .   Warding    : .   u - +0 orc plate armour
Life Prot.: + + +   Conserve   : .   D - +2 dwarf shield
Res.Poison: +       Res.Corr.  : .   a - +0 helmet
Res.Elec. : .       Clarity    : .   m - +0 cloak {darkness}
Sust.Abil.: . .     Spirit.Shd : .   e - +0 pair of dwarf gauntlets
Res.Mut.  : +       Stasis     : .   z - +0 pair of boots of the Lost Runes {rPois rN+ MR++}
Res.Rott. : +       Flight     : .   l - amulet of resist mutation
Saprovore : + + +                    d - ring "Tynuni" {rF+ Acc+3}
                                     b - ring of see invisible

@: very slightly contaminated, rotting, hasted, very quick, very resistant to
hostile enchantments, extremely unstealthy
A: rotting body, claws 1, carnivore 3, cold resistance 1, life protection 3,
poison resistance, saprovore 3, slow healing 1, torment resistance, unbreathing
a: Heroism, Finesse, Renounce Religion, Evoke Invisibility


You were on level 16 of the Dungeon.
You worshipped Okawaru.
Okawaru was extremely pleased with you.
You were not hungry.

You visited 3 branches of the dungeon, and saw 25 of its levels.
You also visited: Labyrinth.

You collected 1228 gold pieces.
You spent 127 gold pieces at shops.

Inventory:

Hand weapons
 i - a +2,+2 broad axe (weapon)
 p - a +2,+3 dwarven war axe
Armour
 a - a +0 helmet (worn)
 e - a +0 pair of dwarven gauntlets (worn)
 m - a +0 cloak of darkness (worn)
 u - a +0 orcish plate armour (worn)
 z - the +0 pair of boots of the Lost Runes (worn) {rPois rN+ MR++}
   (Okawaru gifted it to you on level 12 of the Dungeon)

   It protects you from poison.
   It protects you from negative energy.
   It affects your resistance to hostile enchantments.
 D - a +2 dwarven shield (worn)
Magical devices
 n - a wand of paralysis (8)
 q - a wand of lightning (5)
 s - a wand of hasting (3)
Comestibles
 f - 11 meat rations
 j - 4 royal jellies
 r - 2 honeycombs
Scrolls
 k - 8 scrolls of remove curse
 w - a scroll of fog
 y - 5 scrolls of identify
 A - 3 scrolls of immolation
Jewellery
 b - a ring of see invisible (left hand)
 c - an uncursed ring of protection from cold
 d - the ring "Tynuni" (right hand) {rF+ Acc+3}
   (You took it off a centaur warrior on level 16 of the Dungeon)

   [ring of protection from fire]

   It affects your accuracy (+3).
 g - an uncursed amulet of stasis
 h - an uncursed ring of invisibility
 l - an amulet of resist mutation (around neck)
 o - an uncursed ring of protection from magic
 E - an uncursed ring of protection from magic
Potions
 v - a potion of restore abilities


   Skills:
 + Level 12.6 Fighting
 * Level 14.8 Axes
 + Level 9.2 Armour
 + Level 8.8 Shields
 - Level 5.0 Invocations
 - Level 3.1 Evocations


You had 13 spell levels left.
You didn't know any spells.

Dungeon Overview and Level Annotations

Branches:
Dungeon (16/27)            Temple (1/1) D:4            Lair (8/8) D:9
 Shoals (0/5) Lair:4       Spider (0/5) Lair:4
    Orc: D:6-11       Slime: Lair:6-8    Vaults: D:15-20

Altars:
Ashenzari
Cheibriados
Elyvilon
Fedhas
Kikubaaqudgha
Makhleb
Nemelex Xobeh
Okawaru
Sif Muna
Trog
Vehumet
Xom
Yredelemnul
Zin
the Shining One
Lugonu

Shops:
D:8 !(%+[   D:9 %((

Annotations:
D:4 Dowan
D:14 Snorg; Urug
Lair:7 Antur's ghost, powerful TeCj


Innate Abilities, Weirdness & Mutations

Your body is rotting away.
You have sharp fingernails.
You are carnivorous and can eat meat at any time.
Your flesh is cold resistant.
You are immune to negative energy.
Your system is resistant to poisons.
You thrive on rotten meat.
You heal slowly.
You are immune to unholy pain and torment.
You can survive without breathing.


Message History

A yaktaur comes into view.
You block the giant centipede's attack.
The yaktaur wields a glowing crossbow.
The yaktaur shoots a bolt.
You block the bolt. The giant centipede barely misses you.
You see here a bolt.
The yaktaur moves out of view.
The giant centipede stings you but does no damage.
The vault sentinel points at you and mumbles some strange words.
You resist.
The yaktaur wields a crossbow.
The yaktaur shoots a bolt.
The bolt hits you!
* * * LOW HITPOINT WARNING * * *
The vault sentinel gestures at you while chanting.
You resist.
You see here a bolt.
The yaktaur shoots a bolt.
The bolt hits you!
* * * LOW HITPOINT WARNING * * *
You see here a bolt.
The vault sentinel blows on a signal horn!
The yaktaur shoots a bolt.
The bolt hits you!
You die...

#:.....##.......
#...##'#........
##..#.()...(.(.#
##.+.....##..(.
#####...........
#..........##...
##...).#.........
###.....#......##..
#.@................
##(≈≈≈..............
##.(s≈≈.#........#+#+
#.so≈≈.#........## .
##.....#.^...#'###
...##+#.T...#c....##...#
#(.#....C(..c.....'....#
#.'.....#@p...#'##....#
###....#c....##..###..#


You could see an orc knight, a hill giant, a vault sentinel, 2 yaktaurs, a
troll, a hungry ghost and 2 giant centipedes.

Vanquished Creatures
  A minotaur (Lab)
  Harold (Lair:2)
  7 centaur warriors
  Nergalle (Lair:1)
  A deep elf conjurer (D:16)
  2 griffons
  5 hill giants
  2 cyclopes
  2 black mambas
  2 guardian serpents (D:16)
  7 spiny frogs
  3 vault sentinels (D:16)
  2 yaktaurs (D:16)
  An orb spider (Lair:4)
  A queen bee (D:11)
  A fire drake (Lair:1)
  A deep elf priest (D:16)
  7 trolls
  23 blink frogs
  5 komodo dragons
  3 boulder beetles (Lair:5)
  A basilisk (Lair:4)
  A blink frog (shapeshifter) (D:15)
  29 yaks
  5 slime creatures
  A hill giant zombie (D:14)
  2 trapdoor spiders
  2 wyverns
  6 ugly things (D:13)
  3 hungry ghosts
  A rock worm (D:16)
  3 wraiths
  4 hill giant skeletons
  3 deep elf fighters (D:16)
  6 hippogriffs
  A vampire (D:16)
  7 vampire mosquitoes
  Edmund (D:4)
  Menkaure (D:4)
  A mottled dragon (D:11)
  4 wolves (Lair:2)
  2 necrophages
  6 porcupines
  3 sky beasts
  A black bear (D:8)
  A giant goldfish (Lair:7)
  2 orc warriors (D:6)
  5 ogres
  A boring beetle (D:16)
  2 ice beasts (D:5)
  18 centaurs
  3 water moccasins
  Sigmund (D:4)
  Duvessa (D:4)
  3 crocodiles
  7 giant frogs
  A giant slug (Lair:5)
  3 big kobolds
  5 agate snails
  11 wights
  3 eyes of draining
  An eye of draining (shapeshifter) (D:16)
  A troll zombie (D:9)
  40 killer bees
  A troll skeleton (D:13)
  An electric eel (Lair:7)
  A giant frog zombie (D:9)
  7 crimson imps
  9 hounds
  A water moccasin zombie (D:10)
  2 orc priests (D:7)
  A goliath beetle (D:11)
  2 jellies
  10 worker ants
  A centaur skeleton (D:10)
  6 orc wizards
  7 iguanas
  4 scorpions
  10 sheep
  A mottled dragon zombie (D:11)
  A mottled dragon skeleton (D:16)
  A boggart (D:16)
  A crocodile skeleton (D:10)
  A worker ant zombie (D:4)
  20 adders
  3 gnolls (D:8)
  27 green rats
  2 giant centipedes
  2 giant mites (Lair:3)
  9 worms
  An adder skeleton (D:5)
  An adder zombie (D:7)
  4 giant eyeballs
  4 giant geckos
  3 oozes
  43 orcs
  A bat skeleton (D:4)
  A bat zombie (D:7)
  6 giant cockroaches
  9 goblins
  7 hobgoblins
  10 jackals
  34 bats
  3 giant newts
  A hobgoblin skeleton (D:6)
  23 kobolds
  An orc zombie (D:7)
  10 quokkas
  21 rats
  A rat skeleton (D:8)
  7 spectral orcs (Lair:1)
  6 ballistomycetes
  A fungus (Lair:3)
610 creatures vanquished.

Vanquished Creatures (others)
  A boulder beetle (Lair:5)
  A water moccasin (D:9)
  An orc priest (D:7)
  4 orcs (D:7)
  A bat skeleton (D:8)
  A jackal (D:9)
  2 giant spores
  2 bushes (Lair:8)
  5 fungi
  3 plants (Lair:8)
21 creatures vanquished.

Grand Total: 631 creatures vanquished

Notes
Turn   | Place    | Note
--------------------------------------------------------------
     0 | D:1      | Dustman, the Ghoul Fighter, began the quest for the Orb.
     0 | D:1      | Reached XP level 1. HP: 19/19 MP: 0/0
   119 | D:1      | Reached XP level 2. HP: 21/26 MP: 1/1
   376 | D:2      | Found a radiant altar of Vehumet.
   484 | D:2      | Reached XP level 3. HP: 10/31 MP: 2/2
   736 | D:3      | Reached XP level 4. HP: 28/39 MP: 2/2
  1246 | D:4      | Noticed Edmund
  1283 | D:4      | Reached XP level 5. HP: 46/46 MP: 3/3
  1312 | D:4      | Reached skill level 4 in Fighting
  1371 | D:4      | Found a bloodstained altar of Trog.
  1391 | D:4      | Killed Edmund
  1391 | D:4      | Reached XP level 6. HP: 40/53 MP: 4/4
  1413 | D:4      | Noticed Dowan
  1414 | D:4      | Noticed Duvessa
  1430 | D:4      | Killed Duvessa
  1440 | D:5      | Entered Level 5 of the Dungeon
  1742 | D:5      | Identified a scroll of acquirement
  1812 | D:5      | Reached XP level 7. HP: 37/60 MP: 4/4
  1819 | D:5      | Reached skill level 5 in Fighting
  1821 | D:5      | HP: 3/60 [scorpion (3)]
  1912 | D:5      | Paralysed by a giant eyeball for 3 turns
  2012 | D:5      | Reached skill level 5 in Axes
  2127 | D:4      | Noticed Menkaure
  2233 | D:5      | Noticed a necrophage
  2265 | D:5      | Killed a necrophage
  2265 | D:5      | Reached XP level 8. HP: 44/67 MP: 5/5
  2450 | D:4      | Found a staircase to the Ecumenical Temple.
  2460 | D:4      | Noticed Sigmund
  2463 | Temple   | Entered the Ecumenical Temple
  2486 | Temple   | Became a worshipper of Warmaster Okawaru
  2532 | D:4      | Killed Sigmund
  2721 | D:4      | Reached skill level 6 in Axes
  2851 | D:4      | Killed Menkaure
  2973 | D:5      | Reached skill level 5 in Armour
  3052 | D:6      | Acquired Okawaru's first power
  3052 | D:6      | Reached skill level 5 in Shields
  3435 | D:6      | Reached XP level 9. HP: 45/74 MP: 6/6
  3445 | D:6      | Reached skill level 7 in Axes
  3531 | D:6      | Found a shattered altar of Ashenzari.
  3531 | D:6      | Found a glowing golden altar of the Shining One.
  4013 | D:7      | Found a shimmering altar of Xom.
  4016 | D:7      | Noticed an angel
  4017 | D:7      | Found a glowing silver altar of Zin.
  4132 | D:7      | Found a deep blue altar of Sif Muna.
  4133 | D:7      | Found a blossoming altar of Fedhas.
  4222 | D:8      | Found Wokhluleng's Distillery.
  4231 | D:8      | Bought a potion of speed for 82 gold pieces
  4231 | D:8      | Bought a potion of heal wounds for 45 gold pieces
  4235 | D:8      | Found Goemp's Weapon Shop.
  4239 | D:8      | Found Psialute's Food Shoppe.
  4259 | D:8      | Found Bluogit's Armour Shoppe.
  4294 | D:8      | Found a white marble altar of Elyvilon.
  4429 | D:7      | Reached skill level 8 in Axes
  4668 | D:8      | Found Opsuariph's Book Shoppe.
  4800 | D:9      | Found Qavotzim's Food Shoppe.
  4914 | D:9      | Found a staircase to the Lair.
  4942 | D:9      | Reached skill level 9 in Axes
  4962 | D:9      | Reached XP level 10. HP: 45/84 MP: 6/6
  5157 | D:9      | Found Baemneir's Weapon Shoppe.
  5161 | D:9      | Found Xoshie's Antique Weapon Shop.
  5263 | D:10     | Entered Level 10 of the Dungeon
  5310 | D:10     | Reached skill level 10 in Axes
  5677 | D:10     | Noticed a hill giant
  5694 | D:10     | Killed a hill giant
  5694 | D:10     | Reached skill level 11 in Axes
  5855 | D:10     | Noticed a hill giant
  5867 | D:10     | Killed a hill giant
  5867 | D:10     | Reached XP level 11. HP: 34/92 MP: 4/7
  5914 | D:10     | Found a burning altar of Makhleb.
  6152 | Lair:1   | Entered Level 1 of the Lair of Beasts
  6152 | Lair:1   | Found a white marble altar of Elyvilon.
  6192 | Lair:1   | Reached skill level 10 in Fighting
  6218 | Lair:1   | Noticed Nergalle
  6238 | Lair:1   | Killed Nergalle
  6375 | Lair:1   | Acquired Okawaru's second power
  6406 | Lair:1   | HP: 3/93 [blink frog (8)]
  6896 | D:11     | Reached skill level 12 in Axes
  7657 | D:12     | Received a gift from Okawaru
  7685 | D:12     | Got a pair of twisted boots {god gift}
  7688 | D:12     | Identified the +0 pair of boots of the Lost Runes {rPois rN+ MR++} (Okawaru gifted it to you on level 12 of the Dungeon)
  7875 | D:12     | Noticed a hill giant
  7885 | D:12     | Killed a hill giant
  7885 | D:12     | Reached XP level 12. HP: 27/104 MP: 5/8
  8028 | D:9      | Upgraded the game from 0.13.0 to 0.13.0-3-g966e3ec
  8358 | Lair:2   | Noticed Harold
  8375 | Lair:2   | Killed Harold
  8759 | Lair:3   | Reached skill level 1 in Invocations
  9054 | Lair:3   | Reached skill level 13 in Axes
  9479 | Lair:4   | Found a staircase to the Shoals.
  9780 | Lair:4   | Found a hole to the Spider Nest.
  9906 | Lair:5   | Received a gift from Okawaru
  9952 | Lair:5   | Found a labyrinth entrance.
  9961 | Lab      | Entered a labyrinth
 10998 | Lab      | Noticed a minotaur
 11005 | Lab      | Killed a minotaur
 11108 | Lair:5   | Reached skill level 1 in Evocations
 11292 | Lair:5   | Reached XP level 13. HP: 64/108 MP: 14/14
 11431 | Lair:5   | Noticed a four-headed hydra
 11478 | Lair:8   | Entered Level 8 of the Lair of Beasts
 11622 | Lair:8   | Paralysed by a potion of paralysis for 4 turns
 11730 | Lair:7   | Noticed Antur's ghost (powerful TeCj)
 12109 | Lair:6   | Found an iron altar of Okawaru.
 12866 | D:13     | Reached skill level 14 in Axes
 12945 | D:13     | Found a glowing golden altar of the Shining One.
 13015 | D:13     | Paralysed by a giant eyeball for 2 turns
 13022 | D:13     | Paralysed by a giant eyeball for 4 turns
 13049 | D:14     | Entered Level 14 of the Dungeon
 13253 | D:14     | Noticed Urug
 13265 | D:14     | Noticed Snorg
 13274 | D:15     | Entered Level 15 of the Dungeon
 13277 | D:15     | Reached skill level 5 in Invocations
 13460 | D:15     | Received a gift from Okawaru
 13700 | D:15     | HP: 5/113 [centaur warrior (7)]
 13729 | D:15     | HP: 2/113 [blink frog (shapeshifter) (5)]
 14096 | D:16     | Reached XP level 14. HP: 56/122 MP: 19/19
 14144 | D:16     | Got a smoking marble ring
 14238 | D:16     | Got a warped copper ring
 14299 | D:16     | Identified the ring "Xayqaifu" {rPois rF- MR+ AC+4} (You took it off a yaktaur on level 16 of the Dungeon)
 14300 | D:16     | Identified the ring "Tynuni" {rF+ Acc+3} (You took it off a centaur warrior on level 16 of the Dungeon)
 14476 | D:16     | Shot with a bolt by a yaktaur

Action                   |  1- 3 |  4- 6 |  7- 9 | 10-12 | 13-15 || total
-------------------------+-------+-------+-------+-------+-------++-------
Melee: Hand axe          |   122 |   194 |       |       |       ||   316
       War axe           |       |    22 |   524 |  1081 |    68 ||  1695
       Broad axe         |       |       |       |       |   562 ||   562
Invok: Heroism           |       |       |     3 |    29 |    16 ||    48
Evoke: Wand              |       |     6 |    21 |    23 |    14 ||    64
  Use: Scroll            |     2 |    14 |     8 |    28 |    22 ||    74
       Potion            |       |     4 |     6 |    18 |     6 ||    34
